 Dungeon Crawl Stone Soup version 0.27.0-1-g7a089689b8 (webtiles) character file.

Game seed: 12332536050664515079

79 mandarbmax the Ducker (level 4, -15/21 HPs)
             Began as a Felid Monk on July 31, 2021.
             Blown up by Ijyb (25 damage)
             ... with a mindburst bolt
             ... on level 3 of the Dungeon.
             The game lasted 00:11:04 (4961 turns).

mandarbmax the Ducker (Felid Monk)                  Turns: 4961, Time: 00:11:05

Health: -15/21     AC:  1    Str:  6 (7)  XL:     4   Next: 16%
Magic:  14/14      EV: 19    Int: 10 (11) God:
Gold:   107        SH:  0    Dex: 17 (19) Spells: 1/3 levels left
                                        Lives:  0   Deaths: 1

rFire    . . .     SeeInvis +     - Unarmed
rCold    . . .     Faith    .   (shield unavailable)
rNeg     . . .     Spirit   .   (armour unavailable)
rPois    .         Reflect  .   (helmet unavailable)
rElec    .         Harm     .   (cloak unavailable)
rCorr    .         Rampage  .   (gloves unavailable)
Will     .....                  (boots unavailable)
Stlth    +.........             (no amulet)
HPRegen  0.07/turn              d - ring of magical power
MPRegen  0.14/turn              (no ring)

@: confused, ambrosia-drunk, quick
A: very small, claws 1, fangs 3, see invisible, speed 1, shaggy fur 1, stealthy
paws, no weapons or thrown items, no armour, multi-lived
a: no special abilities


You were on level 3 of the Dungeon.
You visited 1 branch of the dungeon, and saw 3 of its levels.

You collected 107 gold pieces.

Inventory:

Jewellery
 d - a ring of magical power (left paw)
Scrolls
 a - a scroll of amnesia
Potions
 b - a potion of flight


   Skills:
 - Level 3.0 Fighting
 + Level 5.3 Dodging
 + Level 3.3 Stealth
 * Level 4.3 Unarmed Combat
 * Level 2.7 Hexes


You had one spell level left.
You knew the following spells:

 Your Spells              Type           Power      Damage    Failure   Level
a - Ensorcelled Hibernat  Hex/Ice        4%         N/A       32%         2

Your spell library contained the following spells:

 Spells                   Type           Power      Damage    Failure   Level
 Pain                     Necr           0%         1d4       36%         1
 Spider Form              Tmut/Pois      0%         N/A       75%         3
 Agony                    Necr           0%         N/A       100%        5
 Shadow Creatures         Summ           N/A        N/A       100%        6
 Excruciating Wounds      Necr           Unusable   N/A       N/A         5

Dungeon Overview and Level Annotations

Branches:
Dungeon (3/15)

Altars:
Trog

Shops:
D:2 :

Annotations:
D:3 Ijyb, Robin


Innate Abilities, Weirdness & Mutations

You have sharp claws.
You have razor-sharp teeth.
You have supernaturally acute eyesight. (SInv)
You cover ground quickly. (Speed+)
You are covered in fur. (AC +1)
Your paws help you pounce on unaware monsters.
You are incapable of wielding weapons or throwing items.
You cannot wear armour.
You gain extra lives every three experience levels.


Message History

Ijyb is lightly wounded.
Ijyb misses you.
You scratch Ijyb.
Ijyb is moderately wounded.
Ijyb zaps a wand.
You struggle to resist.
You scratch Ijyb but do no damage.
Ijyb is moderately wounded.
Ijyb grins evilly.
Ijyb hits you with a +0 dagger.
You scratch Ijyb but do no damage.
Ijyb is moderately wounded.
Ijyb misses you.
You scratch Ijyb.
Ijyb is heavily wounded.
Ijyb zaps a wand.
You struggle to resist.
You closely miss Ijyb.
Ijyb is heavily wounded.
Ijyb hits you with a +0 dagger.
You scratch Ijyb.
Ijyb is severely wounded.
You scratch Ijyb but do no damage.
Ijyb is severely wounded.
Ijyb zaps a wand.
Your mind is blasted!
* * * LOW HITPOINT WARNING * * *
Unknown command.
You barely miss Ijyb. Your bite misses Ijyb.
Ijyb is severely wounded.
Ijyb closely misses you.
You barely miss Ijyb.
Ijyb is severely wounded.
Ijyb hits you with a +0 dagger.
* * * LOW HITPOINT WARNING * * *
Unknown command.
You are confused.
You feel invigorated. Ijyb hits you with a +0 dagger.
* * * LOW HITPOINT WARNING * * *
You bump into the rock wall.
Ijyb misses you.
You bump into the rock wall.
Ijyb zaps a wand.
Your mind is blasted!
Ouch! That really hurt!
You die...

........### #.# #..#
..........# #.# #..#
..........# #.# #..#
.##.......######.# #..#
.#...............# #..#
.................# #..#
##.........#####.# #..#
##.###.....# #g# #..#
##..##.....# #@# #..#
##o.##.....#####.#######..##
##.........................#
..o..###########.#######.###
..o..###########.# #.#
.................# #†#
.....############# #.#
.....# #.# .....# #.#


You could see Ijyb.

Vanquished Creatures
  An orc wizard (D:3)
  4 adders
  A worm (D:3)
  3 dart slugs
  7 endoplasms
  4 giant cockroaches
  16 goblins
  7 hobgoblins
  7 kobolds
  A quokka (D:3)
  5 ball pythons
  4 bats
  A frilled lizard (D:1)
  7 rats
68 creatures vanquished.

Notes
Turn   | Place    | Note
-------+----------+-------------------------------------------
     0 | D:1      | mandarbmax the Felid Monk began the quest for the Orb.
     0 | D:1      | Reached XP level 1. HP: 10/10 MP: 2/2
   145 | D:1      | Reached XP level 2. HP: 2/14 MP: 3/3
  1312 | D:1      | Reached XP level 3. HP: 14/17 MP: 4/4
  1885 | D:2      | Learned a level 2 spell: Ensorcelled Hibernation
  1947 | D:2      | Reached skill level 5 in Dodging
  2011 | D:2      | Reached skill level 1 in Hexes
  2260 | D:2      | Found Afihar's Book Shop.
  2269 | D:2      | Reached XP level 4. HP: 21/21 MP: 5/5
  2547 | D:3      | Noticed Robin
  2863 | D:3      | Noticed Ijyb
  2872 | D:3      | Found a faded altar of an unknown god.
  2875 | D:3      | Noticed a golden eye
  3538 | D:3      | Noticed an eye of devastation
  3547 | D:3      | Blown up by Ijyb
  3548 | D:3      | Reached XP level 3. HP: -19/17 MP: 13/13
  3954 | D:2      | Reached XP level 4. HP: 9/21 MP: 5/5
  4145 | D:3      | Found a bloodstained altar of Trog.
  4208 | D:3      | Noticed a shining eye
  4210 | D:3      | Noticed a floating eye
  4961 | D:3      | Blown up by Ijyb

Illustrated notes

Levels and vault maps discovered:
D:1:      dpeg_arrival_fog, layout_basic
D:2:      layout_loops_ring, serial_shops, nicolae_square_shop
D:3:      layout_basic, lemuel_doored_altar,
          hellmonk_ecumenical_altar_watching_god, uniq_ijyb, uniq_robin

Skill      XL: |  1  2  3  4 |
---------------+-------------+-----
Dodging        | 5 |  5.3
Hexes          | 1 2 |  2.7
Stealth        | 3 |  3.3
Unarmed Combat | 4 |  4.3
Fighting       | |  3.0

Action                   |  1- 3 |  4- 6 || total
-------------------------+-------+-------++-------
Melee: Unarmed           |   113 |    97 ||   210
       Bite              |    10 |    11 ||    21
       Punch             |       |     1 ||     1
 Cast: Ensorcelled Hiber |     1 |     1 ||     2
  Use: Scroll            |     1 |     5 ||     6
       Potion            |     1 |     1 ||     2
 Stab: Sleeping          |    12 |     1 ||    13
Armor: Skin              |     2 |     3 ||     5
Dodge: Dodged            |    84 |    76 ||   160
